 Dungeon Crawl Stone Soup version 0.22.1-1-ga44c0e5 (webtiles) character file.

2819 Irenicus the Covert (level 9, -5/70 HPs)
             Began as a Deep Dwarf Earth Elementalist on Oct 3, 2018.
             Was a Follower of Makhleb.
             Slain by an orc warrior
             ... wielding a +0 mace
              (8 damage)
             ... on level 7 of the Dungeon on Oct 5, 2018.
             The game lasted 00:31:06 (3429 turns).

Irenicus the Covert (Deep Dwarf Earth Elementalist) Turns: 3429, Time: 00:31:07

Health: -5/70      AC:  6    Str: 12    XL:     9   Next: 45%
Magic:  12/21      EV: 12    Int: 21    God:    Makhleb [*.....]
Gold:   354        SH:  0    Dex: 13    Spells: 6/12 levels left

rFire    . . .     SeeInvis .   k - +0 dagger
rCold    . . .     Gourm    .   (no shield)
rNeg     + . .     Faith    .   t - +2 leather armour {rN+}
rPois    .         Spirit   .   c - +0 hat
rElec    .         Reflect  .   u - +0 cloak
rCorr    .         Harm     .   (no gloves)
MR       +....                  (no boots)
Stlth    ++++......             r - amulet of magic regeneration
HPRegen  0.00/turn              e - ring of magical power {MP+9}
MPRegen  0.42/turn              (no ring)

@: marked, non-regenerating
A: damage resistance, heal wounds, clever 1, sense surroundings 2, subdued magic
1, no regeneration
a: Heal Wounds, Renounce Religion


You were on level 7 of the Dungeon.
You worshipped Makhleb.
Makhleb was aware of your devotion.
You were not hungry.

You visited 2 branches of the dungeon, and saw 8 of its levels.

You collected 354 gold pieces.

Inventory:

Hand Weapons
 g - a +0 club
   (You took it off a kobold on level 1 of the Dungeon)
 h - a +0 short sword
   (You took it off a kobold on level 1 of the Dungeon)
 k - a +0 dagger (weapon)
   (You found it on level 2 of the Dungeon)
 p - a +0 hunting sling of flaming
   (You found it on level 3 of the Dungeon)
Missiles
 b - 72 stones (quivered)
Armour
 c - a +0 hat (worn)
   (You found it on level 1 of the Dungeon)
 t - a +2 leather armour of positive energy (worn)
   (You found it on level 5 of the Dungeon)
 u - a +0 cloak (worn)
   (You took it off Crazy Yiuf on level 5 of the Dungeon)
 y - a +0 leather armour of cold resistance
   (You took it off an orc on level 6 of the Dungeon)
Jewellery
 e - a ring of magical power (left hand) {MP+9}
   (You found it on level 5 of the Dungeon)
 r - an amulet of magic regeneration (around neck)
   (You found it on level 3 of the Dungeon)
Wands
 a - a wand of polymorph (5)
   (You took it off a hobgoblin on level 3 of the Dungeon)
 j - a wand of random effects (48)
   (You found it on level 2 of the Dungeon)
 s - a wand of scattershot (2)
   (You found it on level 5 of the Dungeon)
Scrolls
 f - 3 scrolls of teleportation {unknown}
 i - 7 scrolls of remove curse
 l - a scroll of blinking {unknown}
 n - 4 scrolls of immolation {unknown}
 o - 5 scrolls of magic mapping {unknown}
 q - 4 scrolls of noise {unknown}
 v - 5 scrolls of identify
 w - a scroll of random uselessness {unknown}
 x - a scroll of amnesia {unknown}
Potions
 m - 4 potions of curing
Comestibles
 d - 10 rations


   Skills:
 - Level 1.0 Fighting
 - Level 5.0 Short Blades
 + Level 4.9 Armour
 * Level 2.7 Dodging
 - Level 9.4 Stealth
 - Level 2.0 Spellcasting
 - Level 4.0 Conjurations
 - Level 0.8 Transmutations
 - Level 9.0 Earth Magic


You had 6 spell levels left.
You knew the following spells:

 Your Spells              Type           Power        Failure   Level  Hunger
a - Sandblast             Erth           ####..       1%          1    #......
b - Passwall              Tmut/Erth      ###.....     2%          2    ##.....
c - Stone Arrow           Conj/Erth      ###...       2%          3    ###....

Your spell library contained the following spells:

 Spells                   Type           Power        Failure   Level  Hunger
 Lee's Rapid Deconstruct  Erth           ####......   10%         5    ######.
 Petrify                  Tmut/Erth      ###.....     21%         4    #####..


Dungeon Overview and Level Annotations

Branches:
Dungeon (7/15)             Temple (1/1) D:5

Altars:
Ashenzari
Cheibriados
Dithmenos
Elyvilon
Hepliaklqana
Makhleb
Okawaru
Qazlal
Trog
Vehumet
Xom
Yredelemnul
Zin
The Shining One

Annotations:
D:4 2 transporters, gbos's ghost, amateur DrTm


Innate Abilities, Weirdness & Mutations

You are resistant to damage.
You can heal yourself by infusing magical energy.
You passively map the area around you.
You do not regenerate.
Your mind is acute. (Int +2)
Your spells are a little easier to cast, but a little less powerful.


Message History

The stone arrow hits the adder skeleton.
You now have 7/21 mp.
Aim: an adder skeleton (moderately damaged)
The stone arrow hits the adder skeleton.
You destroy the adder skeleton!
Makhleb accepts your kill.
You feel better.
You regained 3 hp, and now have 19/70 hp.
You now have 4/21 mp.
i - 7 scrolls of remove curse (gained 1)
A crimson imp comes into view.
Aim: a crimson imp (hasn't noticed you)
The stone arrow misses the crimson imp.
The crimson imp shouts!
You now have 4/21 mp.
Aim: a crimson imp The stone arrow hits the crimson imp.
You are feeling hungry.
You now have 1/21 mp.
You hit the crimson imp.
The crimson imp grinds its teeth.
The crimson imp closely misses you.
You closely miss the crimson imp. You hit the crimson imp.
The crimson imp hits you but does no damage.
You closely miss the crimson imp. The crimson imp barely misses you.
You barely miss the crimson imp.
The crimson imp blinks!
You can't see any susceptible monsters within range! (Use Z to cast anyway.) Unknown command.
Aim: a crimson imp (heavily wounded)
The stone arrow hits the crimson imp.
You kill the crimson imp!
Makhleb accepts your kill.
You feel better.
You regained 4 hp, and now have 23/70 hp.
You now have 1/21 mp.
Found a stone staircase leading down.
You see here 3 scrolls of identify.
v - 5 scrolls of identify (gained 3)
There is a stone staircase leading down here.
An adder comes into view.
You see here a potion of curing.
m - 4 potions of curing (gained 1)
The adder hisses angrily.
Aim: an adder
Okay, then.
Aim: an adder The stone arrow hits the adder.
You kill the adder!
Makhleb accepts your kill.
You now have 9/21 mp.
A black bear comes into view.
A rock wall.
You begin to meditate on the wall.
You continue meditating on the rock. x2
You finish merging with the rock.
You now have 13/21 mp.
You are feeling very hungry.
The helpless black bear fails to defend itself.
You spit the black bear like a pig!!!
You kill the black bear!
Makhleb accepts your kill.
You see here a black bear corpse.
You butcher the black bear corpse.
You see here 2 chunks of flesh {@w0}.
Eating one of 2 chunks of flesh {@w0}.
You eat one of the 2 chunks of flesh {@w0}.
An orc warrior comes into view. It is wielding a mace.
An orc comes into view. It is wielding a hand axe.
The alarm trap emits a blaring wail!
A sentinel's mark forms upon you.
The orc warrior shouts!
You hear an angry hiss.
You hear a shout!
Something shouts, "Escape, thou beslubbering dread-bolted joithead!"
You hear a shout! x7
The orc warrior hits you but does no damage.
Okay, then.
Aim: an orc warrior, wielding a mace and wearing a plate armour The stone arrow hits the orc warrior.
The orc warrior misses you.
A leopard gecko comes into view.
You now have 16/21 mp.
Aim: an orc warrior, wielding a mace and wearing a plate armour (lightly The stone arrow hits the orc warrior.
An orc comes into view. It is wielding a short sword.
An adder comes into view.
The orc warrior hits you with a mace!
* * * LOW HITPOINT WARNING * * *
You take 12 damage, and have 11/70 hp.
You now have 13/21 mp.
Aim: an orc warrior, wielding a mace and wearing a plate armour (heavily The stone arrow misses the orc warrior.
The stone arrow misses the orc.
The orc warrior hits you with a mace!
* * * LOW HITPOINT WARNING * * *
You take 7 damage, and have 4/70 hp.
You now have 11/21 mp.
Okay, then.
You feel much better. The orc warrior hits you with a mace!!
* * * LOW HITPOINT WARNING * * *
You fail to use your ability.
You fail to use your ability.
The orc warrior hits you with a mace.
* * * LOW HITPOINT WARNING * * *
You take 1 damage, and have 3/70 hp.
You fail to use your ability.
The orc warrior hits you with a mace!
You die...

...........#
#...##.####......#..
...........#
###..#.####......#..
...........#
#....%.#......#.. ,
.....,
###..###........#..
,,, ., #...##
###..#####.. ,
...####.###
#......##.# *
#.(....##*
*#.####....# ***
###...l.#* ...
####.#
......##@#*,#### ###
,, ###### #o# * ,,,


#oo , ,, , ##.. * * , * * .## * , * .# , , , , , .# .# * , , , *,, You could see
an orc warrior, 2 orcs and a leopard gecko.

Vanquished Creatures
  Pikel (D:7)
  Sigmund (D:5)
  Duvessa (D:5)
  2 orc warriors (D:6)
  An ice beast (D:5)
  A black bear (D:7)
  A sky beast (D:6)
  A phantom (D:5)
  4 ogres (D:5)
  3 centaurs
  Blork the orc (D:5)
  A bullfrog (D:7)
  Dowan (D:5)
  A howler monkey (D:4)
  A crimson imp (D:7)
  A hound (D:6)
  Crazy Yiuf (D:5)
  2 orc wizards (D:6)
  4 iguanas
  7 worker ants
  A hound zombie (D:5)
  8 gnolls
  10 adders
  A shadow imp (D:6)
  An adder skeleton (D:7)
  2 worms
  2 dart slugs (D:1)
  4 leopard geckos
  29 orcs
  A ball python (D:3)
  A bat (D:1)
  3 giant cockroaches (D:1)
  5 hobgoblins
  23 jackals
  5 quokkas
  7 frilled lizards
  4 goblins
  A jackal skeleton (D:2)
  6 kobolds
  2 leopard gecko skeletons (D:4)
  A leopard gecko zombie (D:6)
  4 rats
  A butterfly (D:2)
158 creatures vanquished.

Notes
Turn   | Place    | Note
-------+----------+-------------------------------------------
     0 | D:1      | Irenicus the Deep Dwarf Earth Elementalist began the quest
                  | for the Orb.
     0 | D:1      | Reached XP level 1. HP: 15/15 MP: 3/3
   196 | D:1      | Reached XP level 2. HP: 22/22 MP: 4/4
   221 | D:1      | Learned a level 2 spell: Passwall
   249 | D:1      | Reached skill level 2 in Spellcasting
   379 | D:1      | Reached skill level 3 in Stealth
   542 | D:2      | Found a shimmering altar of Xom.
   550 | D:2      | Reached skill level 5 in Earth Magic
   550 | D:2      | Reached XP level 3. HP: 21/28 MP: 0/6
   848 | D:3      | Found a shadowy altar of Dithmenos.
   939 | D:3      | Reached XP level 4. HP: 16/36 MP: 5/7
  1002 | D:3      | Gained mutation: Your spells are a little easier to cast,
                  | but a little less powerful. [potion of mutation]
  1002 | D:3      | Gained mutation: Your mind is acute. (Int +2) [potion of
                  | mutation]
  1005 | D:3      | Reached skill level 6 in Earth Magic
  1014 | D:3      | HP: 9/36 [jackal (1)]
  1283 | D:3      | HP: 6/36 [worker ant (3)]
  1397 | D:4      | Reached skill level 7 in Earth Magic
  1397 | D:4      | Reached XP level 5. HP: 29/42 MP: 6/8
  1427 | D:4      | Found a transporter.
  1428 | D:4      | Noticed gbos's ghost (amateur DrTm)
  1614 | D:4      | Reached skill level 8 in Earth Magic
  1624 | D:4      | Learned a level 3 spell: Stone Arrow
  1638 | D:4      | Noticed a centaur
  1644 | D:4      | Killed a centaur
  1644 | D:4      | Reached XP level 6. HP: 28/49 MP: 0/9
  1698 | D:4      | Reached skill level 9 in Earth Magic
  1782 | D:4      | Found a transporter.
  1871 | D:5      | Entered Level 5 of the Dungeon
  1912 | D:5      | Noticed Blork the orc
  1921 | D:5      | Killed Blork the orc
  1921 | D:5      | Reached skill level 4 in Stealth
  1937 | D:5      | Reached skill level 5 in Stealth
  1937 | D:5      | Reached XP level 7. HP: 31/55 MP: 2/10
  1946 | D:5      | Found a snail-covered altar of Cheibriados.
  1951 | D:5      | Found a glowing golden altar of the Shining One.
  1998 | D:5      | Reached skill level 6 in Stealth
  2073 | D:5      | HP: 11/55 [centaur (5)]
  2076 | D:5      | Reached skill level 7 in Stealth
  2097 | D:5      | Reached skill level 8 in Stealth
  2100 | D:5      | Found a staircase to the Ecumenical Temple.
  2135 | D:5      | Noticed Duvessa
  2136 | D:5      | Noticed Dowan
  2144 | D:5      | Killed Duvessa
  2144 | D:5      | Reached skill level 9 in Stealth
  2147 | D:5      | Killed Dowan
  2147 | D:5      | Reached XP level 8. HP: 23/62 MP: 5/11
  2177 | Temple   | Entered the Ecumenical Temple
  2271 | Temple   | Became a worshipper of Makhleb the Destroyer
  2332 | D:5      | Noticed Sigmund
  2342 | D:5      | Killed Sigmund
  2342 | D:5      | Reached skill level 2 in Short Blades
  2456 | D:5      | Reached skill level 3 in Short Blades
  2459 | D:5      | HP: 15/62 [ice beast (13)]
  2462 | D:5      | HP: 5/62 [ice beast (6)]
  2619 | D:5      | Found a runed door.
  2623 | D:5      | Noticed Crazy Yiuf
  2627 | D:5      | Killed Crazy Yiuf
  2627 | D:5      | Reached skill level 4 in Short Blades
  2800 | D:6      | Found a shattered altar of Ashenzari.
  2827 | D:6      | Reached skill level 5 in Short Blades
  2949 | D:6      | Reached skill level 1 in Conjurations
  2988 | D:6      | Found a bloodstained altar of Trog.
  3021 | D:6      | HP: 15/62 [orc wizard/magic dart (2)]
  3029 | D:6      | HP: 10/62 [orc warrior/hand axe (5)]
  3034 | D:6      | Reached skill level 2 in Conjurations
  3046 | D:6      | Reached * piety under Makhleb
  3046 | D:6      | Reached skill level 3 in Conjurations
  3049 | D:6      | Gained mutation: You passively map the area around you.
                  | [Deep Dwarf growth]
  3049 | D:6      | Reached XP level 9. HP: 30/68 MP: 1/12
  3140 | D:6      | HP: 13/68 [centaur (8)]
  3256 | D:7      | Reached skill level 4 in Conjurations
  3275 | D:7      | Reached skill level 1 in Fighting
  3293 | D:7      | Noticed Pikel
  3314 | D:7      | Killed Pikel
  3314 | D:7      | Reached skill level 4 in Armour
  3424 | D:7      | HP: 11/70 [orc warrior/mace (12)]
  3425 | D:7      | HP: 4/70 [orc warrior/mace (7)]
  3429 | D:7      | Slain by an orc warrior

Skill      XL: |  1  2  3  4  5  6  7  8  9 |
---------------+----------------------------+-----
Spellcasting   | 2 |  2.0
Stealth        | 3 5 9 |  9.4
Earth Magic    | 5 7 8 9 |  9.0
Short Blades   | 5 |  5.0
Conjurations   | 3 4 |  4.0
Fighting       | 1 |  1.0
Armour         | 4 |  4.9
Dodging        | |  2.7
Transmutations | |  0.8

Action                   |  1- 3 |  4- 6 |  7- 9 || total
-------------------------+-------+-------+-------++-------
Melee: Club              |     3 |       |       ||     3
       Unarmed           |     3 |       |       ||     3
       Short sword       |    15 |       |       ||    15
       Dagger            |    17 |    49 |    38 ||   104
 Cast: Sandblast         |    34 |    61 |    93 ||   188
       Passwall          |     4 |    10 |    18 ||    32
       Stone Arrow       |       |     5 |    44 ||    49
 Abil: Heal Wounds       |       |       |     2 ||     2
Evoke: Wand              |     1 |       |     5 ||     6
  Use: Scroll            |       |     3 |     1 ||     4
       Potion            |       |     2 |     6 ||     8
 Stab: Sleeping          |     8 |     6 |     7 ||    21
       Paralysed         |       |       |     1 ||     1
  Eat: Chunk             |       |     6 |     8 ||    14
       Ration            |       |       |     1 ||     1
Armor: Robe              |     1 |       |       ||     1
       Leather armour    |    11 |    31 |    20 ||    62
Dodge: Dodged            |    35 |    88 |    46 ||   169

Vault maps used:
D:1:      sevenhm_arrival_forest_fort_large_4, corexii_corridor_pit,
          minmay_close_crescents
D:2:      xom_butterflies
D:3:      lemuel_crystal_altar
D:4:      first_ration, gammafunk_ghost_mausoleum, serial_bayou_lagoon_a
D:5:      minitemple, temple_pool_b, minmay_fountain_box, uniq_sigmund,
          uniq_crazy_yiuf_cottage, uniq_duvessa, uniq_blork_the_orc
D:6:      lemuel_crystal_altar, hangedman_feature_mirror
D:7:      minmay_misc_feat_chi, uniq_pikel
Temple:   minmay_temple_forest_path

Table legend:
 A = Turns spent in this place as a percentage of turns spent in the entire game.
 B = Non-inter-level travel turns spent in this place as a percentage of non-inter-level travel turns spent in the entire game.
 C = Inter-level travel turns spent in this place as a percentage of turns spent in this place.
 D = Turns resting spent in this place as a percentage of non-inter-level travel turns spent in this place.
 E = Turns spent auto-exploring this place as a percentage of non-inter-level travel turns spent in this place.
 F = Non-inter-level travel turns spent in this place divided by the number of levels of this place that you've seen.
                   A       B       C       D       E      F
               +-------+-------+-------+-------+-------+----------------------
         Total | 100.0 | 100.0 |   0.3 |   1.0 |   0.0 | 427.2
       Dungeon |  96.4 |  96.4 |   0.3 |   1.0 |   0.0 | 470.9
        Temple |   3.6 |   3.6 |   0.0 |   0.0 |   0.0 | 122.0
               +-------+-------+-------+-------+-------+----------------------

Table legend:
 A = Kills in this place as a percentage of kills in entire the game.
 B = Kills by you in this place as a percentage of kills by you in the entire game.
 C = Kills by friends in this place as a percentage of kills by friends in the entire game.
 D = Other kills in this place as a percentage of other kills in the entire game.
 E = Experience gained in this place as a percentage of experience gained in the entire game.
 F = Experience gained in this place divided by the number of levels of this place that you have seen.
                   A       B       C       D       E      F
               +-------+-------+-------+-------+-------+----------------------
         Total | 100.0 | 100.0 |   N/A |   N/A | 100.0 | 503.5
       Dungeon | 100.0 | 100.0 |   N/A |   N/A | 100.0 | 575.4
               +-------+-------+-------+-------+-------+----------------------
